 Dungeon Crawl Stone Soup version 0.25-a0-510-ge065f6de7d (webtiles) character file.

Game seed: 5336746735132242559, levelgen mode: deterministic

64 drasked the Magician (level 3, -1/24 HPs)
             Began as a Mummy Wizard on Feb 15, 2020.
             Slain by a goblin
             ... wielding a +0 club
             ... led by Robin
              (7 damage)
             ... on level 2 of the Dungeon.
             The game lasted 00:05:28 (1570 turns).

drasked the Magician (Mummy Wizard)                 Turns: 1570, Time: 00:05:28

Health: -1/24      AC:  2    Str: 10    XL:     3   Next: 91%
Magic:  2/8        EV: 12    Int: 18    God:
Gold:   68         SH:  0    Dex: 10    Spells: 2/10 levels left

rFire    x . .     SeeInvis .   f - +1 dagger (flame)
rCold    + . .     Gourm    .   (no shield)
rNeg     + + +     Faith    .   a - +0 robe
rPois    ∞         Spirit   .   b - +0 hat
rElec    .         Reflect  .   (no cloak)
rCorr    .         Harm     .   (no gloves)
MR       .....                  (no boots)
Stlth    ++........             (no amulet)
HPRegen  0.08/turn              (no ring)
MPRegen  0.11/turn              (no ring)

@: no status effects
A: no food or potions, fire vulnerability, cold resistance 1, negative energy
resistance 3, torment resistance, unbreathing
a: no special abilities


You were on level 2 of the Dungeon.
You were not hungry.

You visited 1 branch of the dungeon, and saw 2 of its levels.

You collected 68 gold pieces.

Inventory:

Hand Weapons
 f - a +1 dagger of flaming (weapon)
   (You took it off a kobold on level 1 of the Dungeon)
Armour
 a - a +0 robe (worn)
 b - a +0 hat (worn)
Scrolls
 c - a scroll of remove curse {unknown}
 d - a scroll of noise {unknown}
 e - a scroll of enchant armour {unknown}
 g - a scroll of identify {unknown}
 h - a scroll of enchant weapon {unknown}


   Skills:
 - Level 1.5 Dodging
 - Level 1.5 Stealth
 - Level 4.0 Spellcasting
 + Level 2.9 Conjurations
 + Level 1.2 Summonings
 - Level 0.7 Translocations


You had 2 spell levels left.
You knew the following spells:

 Your Spells              Type           Power        Failure   Level  Hunger
a - Magic Dart            Conj           ##..         4%          1    N/A
b - Blink                 Tloc           N/A          17%         2    N/A
c - Call Imp              Summ           #.......     13%         2    N/A
x - Mephitic Cloud        Conj/Pois/Air  #.......     28%         3    N/A

Your spell library contained the following spells:

 Spells                   Type           Power        Failure   Level  Hunger
 Slow                     Hex            #.......     22%         2    N/A
 Conjure Flame            Conj/Fire      #.......     24%         3    N/A

Dungeon Overview and Level Annotations

Branches:
Dungeon (2/15)

Altars:

Annotations:
D:2 Robin


Innate Abilities, Weirdness & Mutations

You do not eat or drink.
Your flesh is vulnerable to fire.
You are immune to poison.
Your flesh is cold resistant. (rC+)
You are immune to negative energy. (rN+++)
You are immune to unholy pain and torment.
You can survive without breathing.


Message History

Your crimson imp blinks!
The goblin blinks!
You blink.
The hobgoblin blinks!
The goblin wields a hunting sling.
The goblin shoots a stone.
The stone barely misses you.
A goblin comes into view.
Aim: Robin, wielding a +0 dagger, wearing a +0 animal skin and wearing a +0 helmet The magic dart hits Robin.
Robin throws the goblin at you!
The goblin shoots a stone.
The stone misses you.
The ball explodes into a vile cloud!
The stinking cloud engulfs you but does no damage.
The stinking cloud engulfs the goblin but does no damage.
The stinking cloud engulfs Robin but does no damage.
The stinking cloud engulfs the goblin but does no damage.
* * * LOW MAGIC WARNING * * *
Robin throws the goblin at you!
The goblin dies!
The goblin is engulfed in noxious fumes.
The goblin appears confused.
The goblin barely misses you. Robin closely misses you.
The goblin closely misses you. Robin throws the goblin at you!
The goblin is engulfed in noxious fumes.
The goblin appears confused.
The goblin hits you but does no damage. The hobgoblin misses your crimson imp.
The goblin hits you but does no damage.
The goblin is engulfed in noxious fumes.
The goblin appears confused.
The goblin hits Robin with a +0 dagger.
The goblin hits you with a +0 club.
Robin points. "Kill!"
The goblin is engulfed in noxious fumes.
The goblin appears confused.
The goblin hits the goblin with a +0 dagger.
Your crimson imp blinks!
The goblin completely misses you.
Aim: a goblin, wielding a +0 club (unusually strong)
The ball explodes into a vile cloud!
The stinking cloud engulfs the goblin but does no damage.
The stinking cloud engulfs you but does no damage.
The stinking cloud engulfs Robin but does no damage.
The stinking cloud engulfs the goblin but does no damage.
* * * LOW MAGIC WARNING * * *
Robin throws the goblin at you! The goblin barely misses you.
The hobgoblin enters a dispersal trap!
Robin blinks!
The goblin blinks! x2
The hobgoblin blinks!
The goblin blinks! x4
Your crimson imp blinks!
The goblin blinks!
You blink.
The hobgoblin blinks!
The goblin unwields a +0 club.
The goblin wields a +0 hunting sling.
The goblin shoots a stone.
The stone hits you.
A hobgoblin comes into view. It is wielding a +0 club.
Okay, then.
A goblin comes into view. It is wielding a +0 club.
Robin throws the goblin at you!
The goblin unwields a +0 hunting sling.
The goblin wields a +0 club.
The goblin hits you with a +0 club.
* * * LOW HITPOINT WARNING * * *
The goblin no longer looks unusually strong.
The hobgoblin no longer looks unusually strong.
The hobgoblin no longer looks unusually strong.
The goblin no longer looks unusually strong.
Robin hits your crimson imp but does no damage.
The goblin closely misses you.
The goblin unwields a +0 club.
The goblin wields a +0 hunting sling.
The goblin shoots a stone.
The stone barely misses you. Robin misses your crimson imp.
Your crimson imp blinks!
The goblin no longer looks unusually strong. x2
The goblin closely misses you.
Robin roars a battlecry!
The goblins go into a battle-frenzy!
The goblin dies!
The goblin shoots a stone.
The stone closely misses you. The hobgoblin hits you.
* * * LOW HITPOINT WARNING * * *
You see here a stone.
Your crimson imp blinks!
The goblin shoots a stone.
The stone barely misses you.
You see here a stone.
You swap places.
A ball python comes into view.
The goblin barely misses your crimson imp.
The hobgoblin closely misses your crimson imp.
Robin throws the goblin at you!
* * * LOW HITPOINT WARNING * * *
The goblin closely misses your crimson imp.
The hobgoblin hits your crimson imp. The goblin hits you with a +0 club.
* * * LOW HITPOINT WARNING * * *
The goblin barely misses your crimson imp.
The hobgoblin barely misses you. The goblin closely misses you.
The hobgoblin barely misses your crimson imp.
The goblin shoots a stone.
The stone hits you.
* * * LOW HITPOINT WARNING * * *
The goblin hits your crimson imp with a +0 club.
You see here a stone.
The goblin misses your crimson imp. Robin throws the goblin at you!
The goblin unwields a +0 hunting sling.
The goblin wields a +0 club.
The goblin hits you with a +0 club!
You die...

#...(........(# #####
#.............# .##.#
#.........)...#
.##.###.........)..(#
.##g.......^..g...gg#
.##.g#..........g..5#
.##..#..........Sg..#
.##.g#...........gg.#
.........(......@g..#
####.#.#....#.#######
#.#§#.#..#.#
#.###....# # #.#
#...## #.# #...# ...
....# .[. ....# ##..#


You could see Robin, 2 hobgoblins, 5 goblins, a ball python and a friendly
crimson imp.

Levels and vault maps discovered:
D:1:      eino_arrival_cavern_b, layout_loops_ring
D:2:      layout_basic, uniq_robin, uniq_jessica

Notes
Turn   | Place    | Note
-------+----------+-------------------------------------------
     0 | D:1      | drasked the Mummy Wizard began the quest for the Orb.
     0 | D:1      | Reached XP level 1. HP: 13/13 MP: 5/5
    28 | D:1      | Identified a +0 club
    29 | D:1      | Reached skill level 1 in Conjurations
   250 | D:1      | Reached XP level 2. HP: 17/19 MP: 1/7
   310 | D:1      | Learned a level 2 spell: Call Imp
   356 | D:1      | Identified a +1 dagger of flaming
   428 | D:1      | Identified a +0 dagger
   539 | D:1      | Identified a +0 club
   540 | D:1      | Reached skill level 2 in Conjurations
   599 | D:1      | Identified a +0 short sword
   852 | D:1      | Identified a +0 short sword
   888 | D:1      | Reached XP level 3. HP: 22/24 MP: 0/8
  1043 | D:1      | Identified a +0 club
  1170 | D:1      | Identified a +0 club
  1412 | D:1      | Learned a level 3 spell: Mephitic Cloud
  1415 | D:1      | Learned a level 2 spell: Blink
  1458 | D:2      | Identified a +0 club
  1458 | D:2      | Identified a +0 robe
  1458 | D:2      | Noticed Jessica
  1479 | D:2      | Killed Jessica
  1479 | D:2      | Reached skill level 1 in Summonings
  1542 | D:2      | Identified a +0 club
  1543 | D:2      | Identified a +0 dagger
  1543 | D:2      | Identified a +0 club
  1543 | D:2      | Identified a +0 hunting sling
  1543 | D:2      | Identified a +0 dagger
  1547 | D:2      | Identified a +0 dagger
  1547 | D:2      | Identified a +0 animal skin
  1547 | D:2      | Identified a +0 helmet
  1547 | D:2      | Noticed Robin
  1547 | D:2      | Identified a +0 hunting sling
  1547 | D:2      | Identified a +0 club
  1553 | D:2      | Identified a +0 club
  1554 | D:2      | Identified a +0 club
  1569 | D:2      | HP: 6/24 [goblin/stone[Robin] (2)]
  1570 | D:2      | Slain by a goblin

Table legend:
 A = Turns spent in this place as a percentage of turns spent in the entire game.
 B = Non-inter-level travel turns spent in this place as a percentage of non-inter-level travel turns spent in the entire game.
 C = Inter-level travel turns spent in this place as a percentage of turns spent in this place.
 D = Turns resting spent in this place as a percentage of non-inter-level travel turns spent in this place.
 E = Turns spent auto-exploring this place as a percentage of non-inter-level travel turns spent in this place.
 F = Non-inter-level travel turns spent in this place divided by the number of levels of this place that you've seen.
                   A       B       C       D       E      F
               +-------+-------+-------+-------+-------+----------------------
         Total | 100.0 | 100.0 |   0.8 |  46.9 |  38.2 | 778.5
       Dungeon | 100.0 | 100.0 |   0.8 |  46.9 |  38.2 | 778.5
               +-------+-------+-------+-------+-------+----------------------

Table legend:
 A = Kills in this place as a percentage of kills in entire the game.
 B = Kills by you in this place as a percentage of kills by you in the entire game.
 C = Kills by friends in this place as a percentage of kills by friends in the entire game.
 D = Other kills in this place as a percentage of other kills in the entire game.
 E = Experience gained in this place as a percentage of experience gained in the entire game.
 F = Experience gained in this place divided by the number of levels of this place that you have seen.
                   A       B       C       D       E      F
               +-------+-------+-------+-------+-------+----------------------
         Total | 100.0 | 100.0 | 100.0 |   N/A | 100.0 |  46.0
       Dungeon | 100.0 | 100.0 | 100.0 |   N/A | 100.0 |  46.0
               +-------+-------+-------+-------+-------+----------------------

Skill      XL: |  1  2  3 |
---------------+----------+-----
Conjurations   | 1 2 |  2.9
Summonings     | 1 |  1.2
Dodging        | |  1.5
Stealth        | |  1.5
Spellcasting   | |  4.0
Translocations | |  0.7

Action                   || total
-------------------------++-------
Melee: Dagger            ||    12
 Cast: Magic Dart        ||    71
       Call Imp          ||     5
       Mephitic Cloud    ||     2
Armor: Robe              ||     6
Dodge: Dodged            ||    36

Vanquished Creatures
  Jessica (D:2)
  An ooze (D:1)
  A dart slug (D:1)
  A leopard gecko (D:1)
  2 giant cockroaches (D:1)
  6 goblins (D:1)
  3 hobgoblins (D:1)
  5 kobolds
  3 bats (D:1)
  2 frilled lizards (D:1)
  7 rats (D:1)
32 creatures vanquished.

Vanquished Creatures (collateral kills)
  A dart slug (D:1)
  2 goblins (D:2)
  A kobold (D:1)
4 creatures vanquished.

Grand Total: 36 creatures vanquished
